Map: [TLMC19] sugomA

Players

DKZherO (herO) - Winner!

  • Race: Protoss Protoss
  • Spawn Location: 1:00

LiquidClem (Clem)

  • Race: Terran Terran
  • League: Master
  • Spawn Location: 5:00

VOD

Have the link to the VOD?

Description

Time

  • Played on: Dec. 23, 2023, 10:46 a.m.
  • Length: 14:23
Show
View Real Time Build Order
Export as new Build Order

DKZherO Protoss - Winner!

Build Orders: 1 Gate Expand, Oracle Opening 

Get SALT Encoding   

  12  0:00  Probe  
  13  0:12  Probe  
  14  0:17  Pylon  
  14  0:24  Probe  
  15  0:36  Gateway  
  15  0:37  Probe (Chrono Boost)  
  16  0:42  Assimilator  
  16  0:49  Probe (Chrono Boost)  
  17  0:55  Probe (Chrono Boost)  
  18  1:03  Probe  
  19  1:15  Probe  
  20  1:24  Cybernetics Core  
  20  1:34  Nexus  
  20  1:42  Pylon  
  20  1:45  Probe  
  21  1:53  Assimilator  
  20  1:58  Adept (Chrono Boost)  
  23  2:05  Shield Battery, Probe  
  23  2:17  Probe  
  23  2:18  Stalker (Chrono Boost)  
  26  2:29  Probe  
  26  2:36  Stargate  
  25  2:40  Adept  
  27  2:45  Probe  
  28  2:57  Probe x2  
  30  2:59  Warp Gate  
  30  3:09  Probe  
  30  3:10  Adept, Probe  
  34  3:17  Oracle (Chrono Boost)  
  37  3:24  Probe  
  37  3:25  Probe  
  39  3:36  Probe  
  39  3:37  Probe  
  41  3:42  Pylon  
  41  3:46  Twilight Council  
  41  3:51  Stalker  
  41  3:52  Probe x2  
  45  4:00  Gateway  
  45  4:05  Probe x2  
  47  4:11  Phoenix  
  49  4:19  Gateway, Probe  
  49  4:21  Probe  
  51  4:27  Blink (Chrono Boost)  
  51  4:31  Probe  
  51  4:33  Probe  
  51  4:37  Pylon  
  53  4:44  Probe  
  54  4:53  Nexus  
  54  4:55  Probe  
  54  4:58  Probe  
  55  5:07  Stalker x2, Probe  
  55  5:09  Pylon  
  55  5:12  Assimilator, Probe  
  61  5:18  Pylon  
  61  5:20  Probe  
  62  5:27  Probe  
  63  5:31  Forge  
  64  5:35  Probe  
  64  5:39  Probe  
  64  5:41  Stalker x3  
  71  5:51  Probe x2  
  71  5:54  Shield Battery  
  73  6:03  Probe x2  
  73  6:04  Charge (Chrono Boost)  
  71  6:05  Stalker x3  
  71  6:07  Protoss Ground Armor Level 1 (Chrono Boost)  
  77  6:16  Probe  
  77  6:17  Probe  
  77  6:18  Probe  
  80  6:22  Gateway  
  80  6:29  Gateway  
  80  6:31  Gateway  
  80  6:32  Probe x2  
  82  6:33  Probe  
  81  6:41  Stalker x3  
  81  6:44  Probe x2  
  79  6:50  Gateway  
  79  6:53  Probe  
  80  6:56  Probe  
  81  7:03  Probe  
  81  7:06  Probe  
  83  7:08  Probe  
  83  7:09  Pylon  
  82  7:21  Stalker x3  
  88  7:24  Probe x3  
  88  7:27  Zealot  
  93  7:36  Photon Cannon  
  93  7:37  Gateway  
  93  7:39  Probe x3  
  96  7:46  Zealot, Sentry  
  96  7:48  Pylon  
  96  7:49  Pylon  
  100  7:55  Protoss Ground Armor Level 2 (Chrono Boost)  
  100  7:57  Nexus  
  100  7:59  Pylon  
  100  8:07  Zealot x6  
  100  8:11  Zealot  
  114  8:28  Zealot x5  
  114  8:32  Pylon  
  114  8:33  Pylon  
  124  8:34  Shield Battery  
  124  8:37  Templar Archives  
  122  8:42  Pylon  
  110  8:54  Psionic Storm  
  106  9:01  Zealot x7  
  100  9:08  Zealot  
  96  9:11  Probe x4  
  96  9:13  Photon Cannon  
  98  9:20  Gateway  
  98  9:21  Gateway  
  98  9:23  High Templar  
  100  9:25  High Templar  
  100  9:31  Zealot x6  
  100  9:32  Probe x3  
  100  9:33  Probe  
  100  9:36  Assimilator  
  110  9:49  Protoss Ground Weapons Level 1 (Chrono Boost)  
  110  9:52  Stalker x4, Zealot  
  118  9:53  Zealot  
  118  9:57  Zealot x2  
  126  10:03  Photon Cannon  
  109  10:20  Zealot x9  
  109  10:21  Zealot  
  111  10:43  Zealot x4  
  111  10:44  Zealot x6  
  117  10:59  Robotics Facility  
  117  11:00  Robotics Facility  
  111  11:04  High Templar x2  
  111  11:06  Zealot x8  
  111  11:11  Photon Cannon  
  131  11:13  Pylon  
  131  11:20  Nexus  
  129  11:40  Zealot x10  
  131  11:51  Photon Cannon  
  131  11:53  Photon Cannon  
  128  12:04  Photon Cannon  
  128  12:07  Photon Cannon  
  128  12:11  Photon Cannon  
  128  12:14  Shield Battery  
  127  12:20  Robotics Facility  
  121  12:28  Robotics Facility  
  120  12:45  Pylon  
  120  12:47  Pylon  
  120  12:48  Pylon  
  120  12:49  Gateway  
  120  12:50  Pylon  
  120  12:52  Shield Battery  
  120  13:03  Gateway  
  120  13:06  Pylon  
  118  13:26  Immortal x2 (Chrono Boost)  
  104  13:31  Gateway  
  112  13:35  Gateway  
  112  13:37  Cybernetics Core  
Show
View Real Time Build Order
Export as new Build Order

LiquidClem Terran 

Build Orders: Cyclone Opening, Reaper Expand 

Get SALT Encoding   

  12  0:00  SCV  
  13  0:12  SCV  
  14  0:17  Supply Depot  
  14  0:24  SCV  
  15  0:38  SCV  
  15  0:40  Barracks  
  16  0:43  Refinery  
  16  0:50  SCV  
  17  1:03  SCV  
  18  1:15  SCV  
  19  1:27  Orbital Command, Reaper  
  20  1:46  Command Center  
  20  1:53  SCV  
  21  1:54  Supply Depot  
  21  1:58  Marine  
  22  2:06  SCV  
  23  2:09  Factory  
  23  2:16  Marine  
  23  2:17  Refinery  
  23  2:20  SCV  
  25  2:24  Bunker  
  25  2:34  SCV  
  25  2:35  Barracks Reactor  
  26  2:46  SCV  
  26  2:53  Cyclone  
  27  2:58  SCV  
  27  3:00  Orbital Command  
  28  3:11  SCV  
  28  3:12  Marine x2  
  28  3:15  Starport  
  29  3:23  SCV  
  29  3:25  Widow Mine  
  31  3:27  SCV  
  31  3:35  SCV  
  31  3:39  SCV  
  33  3:43  Marine  
  33  3:45  Marine  
  33  3:47  SCV  
  33  3:48  Widow Mine  
  38  3:51  SCV  
  39  3:57  Supply Depot  
  39  3:59  SCV  
  39  4:00  Medivac  
  42  4:03  SCV  
  42  4:06  Marine x2  
  42  4:11  SCV  
  42  4:12  Widow Mine  
  42  4:16  SCV  
  45  4:23  SCV, Barracks  
  46  4:34  Starport Tech Lab, Factory Tech Lab  
  46  4:37  Barracks  
  46  4:43  Supply Depot, SCV x2, Marine x2  
  50  4:50  Engineering Bay  
  50  4:54  Refinery  
  50  4:55  SCV x2  
  52  5:00  Marine  
  52  5:04  Factory Reactor  
  52  5:06  Marine  
  52  5:07  Supply Depot, SCV x2, Starport Reactor  
  55  5:18  Marine  
  55  5:19  SCV x2  
  55  5:20  Terran Infantry Weapons Level 1  
  58  5:22  Marine  
  58  5:23  Marine  
  60  5:30  Supply Depot  
  60  5:31  SCV x2  
  60  5:35  Marauder  
  64  5:38  Marine  
  64  5:41  Marine  
  65  5:43  SCV  
  65  5:44  SCV  
  65  5:47  Marauder  
  69  5:52  Supply Depot  
  69  5:55  Medivac  
  69  5:57  Marine x2  
  71  5:58  SCV  
  71  6:00  SCV  
  75  6:04  Refinery, Medivac  
  77  6:11  Supply Depot  
  77  6:13  SCV  
  77  6:14  SCV, Widow Mine x2  
  77  6:15  Marine  
  77  6:16  Marine  
  85  6:25  SCV  
  86  6:31  Missile Turret  
  86  6:33  SCV  
  87  6:42  Widow Mine  
  87  6:44  Command Center  
  87  6:45  Marine x2  
  91  6:48  Barracks Tech Lab  
  91  6:50  Medivac  
  94  6:54  SCV  
  94  6:55  Barracks  
  94  6:56  Supply Depot, Barracks Tech Lab, Barracks  
  94  7:07  Supply Depot  
  94  7:08  Supply Depot  
  94  7:12  Stimpack  
  94  7:13  SCV x2  
  94  7:14  Combat Shield, Terran Infantry Armor Level 1  
  94  7:17  Medivac  
  94  7:18  Marauder x2  
  94  7:21  Widow Mine  
  102  7:22  Widow Mine  
  102  7:27  SCV  
  102  7:28  Medivac  
  102  7:29  Marine x2  
  103  7:34  Supply Depot, SCV  
  104  7:39  Marauder  
  104  7:43  Barracks Tech Lab, Barracks Reactor  
  104  7:44  Supply Depot  
  106  7:45  Marauder  
  106  7:47  Widow Mine  
  106  7:49  Marine x2  
  112  7:55  SCV  
  112  7:56  SCV  
  114  8:02  Ghost Academy  
  114  8:03  Supply Depot, Widow Mine  
  114  8:04  Marauder  
  114  8:05  Marauder  
  120  8:07  Concussive Shells  
  120  8:09  SCV x2  
  120  8:12  Marine x2  
  124  8:18  Orbital Command  
  124  8:21  SCV  
  124  8:22  Marauder  
  124  8:24  Marine  
  124  8:25  SCV  
  124  8:26  Marauder  
  131  8:27  Marine  
  131  8:33  Marine  
  131  8:34  Marine  
  134  8:36  Marauder  
  133  8:42  Marine  
  133  8:43  Marauder  
  133  8:45  Marine  
  133  8:47  Marine  
  125  8:51  Marine  
  125  8:52  SCV  
  125  8:53  Marine  
  110  8:56  SCV x2  
  110  8:57  Marauder  
  110  9:00  Marine  
  109  9:03  Marine  
  109  9:04  SCV, Marauder  
  109  9:05  Marauder  
  109  9:08  SCV  
  109  9:09  SCV  
  114  9:12  Marine x2  
  114  9:15  Widow Mine x2  
  120  9:17  SCV  
  120  9:18  Marauder  
  120  9:20  SCV  
  120  9:21  SCV  
  120  9:23  Marine x2  
  127  9:26  Marauder x2  
  127  9:29  SCV  
  127  9:30  Marine  
  132  9:32  SCV  
  132  9:33  SCV  
  132  9:35  Marine  
  131  9:40  Marauder, Widow Mine x2  
  131  9:41  SCV, Marine x2  
  131  9:44  SCV  
  131  9:45  SCV  
  140  9:46  Ghost  
  140  9:47  Marine  
  140  9:49  Supply Depot  
  140  9:52  Marine  
  144  9:53  Marine  
  144  9:54  SCV  
  144  9:56  SCV  
  144  9:57  SCV  
  144  9:59  Supply Depot  
  148  10:00  Ghost  
  148  10:01  Marine  
  148  10:05  Ghost  
  148  10:06  Bunker  
  153  10:07  Supply Depot, Marine  
  153  10:13  Marine  
  145  10:15  Ghost  
  145  10:16  Widow Mine  
  145  10:17  Widow Mine  
  139  10:28  Marine x2  
  139  10:29  Ghost  
  139  10:30  SCV x2  
  139  10:32  Marine  
  139  10:33  SCV, Ghost  
  145  10:38  Marine, Medivac x2  
  143  10:43  Ghost  
  143  10:44  Widow Mine  
  143  10:46  Marine x2  
  143  10:49  Marine  
  146  10:55  SCV  
  146  10:56  Marine  
  139  10:57  Ghost  
  139  10:59  SCV  
  139  11:03  Marauder  
  144  11:05  Refinery  
  144  11:06  Refinery  
  144  11:09  Engineering Bay, Armory  
  144  11:11  Widow Mine  
  144  11:12  Marine, Widow Mine  
  144  11:13  Marine, Marauder  
  144  11:15  Marine  
  144  11:16  Marine  
  154  11:23  Supply Depot, Ghost  
  154  11:25  SCV x2  
  158  11:26  SCV, Marine  
  153  11:33  Marine, Widow Mine  
  153  11:34  Marauder  
  153  11:38  Marine x2  
  153  11:39  Marine  
  152  11:44  Marauder  
  143  11:53  Marauder  
  126  12:06  Ghost  
  100  12:31  Orbital Command  
  99  12:40  Refinery  
  99  12:41  Refinery  
  95  12:44  Factory  
  95  12:45  Barracks  
  95  12:48  Supply Depot  
  91  13:32  Armory  
  91  13:33  Barracks Tech Lab  
  91  13:34  Barracks Reactor  
  91  13:35  Barracks  
  91  13:37  Barracks x2  
  82  13:53  Supply Depot  
  82  13:54  Supply Depot  
  82  13:55  Supply Depot  
Tags
 
Add a new tag
Caveats
  • Supply blocks, unpowered buildings, or Contaminate may cause inaccurate times.
  • Supply counts are checked every 10 seconds.